 Dungeon Crawl Stone Soup version 0.31-a0-237-g2d982f9f85 (webtiles) character file.

Game seed: 16940877946382164882

3052 qw the Skirmisher (level 9, 0/77 (79) HPs)
             Began as a Minotaur Hexslinger on July 11, 2023.
             Was a Follower of Okawaru.
             Slain by Grum
             ... wielding a -1 glaive of freezing
              (4 damage)
             ... on level 8 of the Dungeon.
             The game lasted 00:02:28 (6184 turns).

qw the Skirmisher (Minotaur Hexslinger)             Turns: 6184, Time: 00:02:28

HP:   0/77 (79)     AC: 14    Str: 13    XL:     9   Next: 57%
MP:   10/11         EV: 20    Int: 10    God:    Okawaru [*.....]
Gold: 245           SH:  0    Dex: 17    Spells: 9/10 levels left

rFire   . . .        Y - +0 longbow
rCold   . . .        (shield currently unavailable)
rNeg    . . .        b - +0 ring mail
rPois   .            (helmet restricted)
rElec   .            e - +0 cloak
rCorr   .            j - +1 pair of gloves
SInv    .            i - +2 pair of boots
Will    .....        f - amulet of faith
Stlth   ++           m - +5 ring of evasion
HPRegen 0.32/turn    (no ring)
MPRegen 0.12/turn

%: faith
@: heroic, lightly drained
A: horns 2, retaliatory headbutt
a: Renounce Religion, Heroism


You were on level 8 of the Dungeon.
You worshipped Okawaru.
Okawaru was aware of your devotion.
You visited 1 branch of the dungeon, and saw 8 of its levels.

You collected 344 gold pieces.
You spent 99 gold pieces at shops.


Innate Abilities, Weirdness & Mutations

You have a pair of horns on your head.
You reflexively headbutt those who attack you in melee.


   Skills:
 - Level 7.0(12.0) Fighting
 + Level 11.2(16.2) Ranged Weapons
 - Level 4.4(9.4) Armour
 - Level 4.0(9.0) Dodging
 - Level 1.0 Spellcasting
 - Level 2.0 Hexes
 - Level 4.0 Invocations


You had 9 spell levels left.
You knew the following spells:

 Your Spells              Type           Power      Damage    Failure   Level
a - Slow                  Hex            16%        N/A       28%         1

Your spell library contained the following spells:

 Spells                   Type           Power      Damage    Failure   Level
 Inner Flame              Hex/Fire       2%         N/A       77%         3
 Portal Projectile        Hex/Tloc       4%         N/A       77%         3
 Cause Fear               Hex            2%         N/A       95%         4

Inventory:

Hand Weapons
 Y - a +0 longbow (weapon)
Armour
 b - a +0 ring mail (worn)
 e - a +0 cloak (worn)
 i - a +2 pair of boots (worn)
 j - a +1 pair of gloves (worn)
Jewellery
 f - an amulet of faith (around neck)
 m - a +5 ring of evasion (left hand)
Scrolls
 a - 4 scrolls of identify
 k - 7 scrolls of teleportation
Potions
 c - 2 potions of curing
 d - a potion of heal wounds
 g - 4 potions of enlightenment
 h - a potion of might
 l - a potion of cancellation

Dungeon Overview and Level Annotations

Branches:
Dungeon (8/15)             Temple (0/1) D:5
   Lair: D:8-11

Altars:
Elyvilon
Okawaru

Shops:
D:3 *   D:8 :

Annotations:
D:8 Grum


Message History

The wolf misses you. The wolf closely misses you. The wolf bites you.
The wolf closely misses you. The wolf misses you. You furiously retaliate!
You headbutt the wolf, but do no damage.
Grum hits you from afar with a -1 glaive of freezing!
Grum freezes you.
The wight hits you from afar with a +0 halberd.
You shoot an arrow. The arrow hits the wolf!
You kill the wolf!
Okawaru accepts your kill.
The wolf closely misses you. x2; Grum completely misses you.
The wight barely misses you. The wolf misses you. x2
You shoot an arrow. The arrow hits the wolf!!
You kill the wolf!
Okawaru accepts your kill. The wolf completely misses you.
Grum closely misses you. The wight completely misses you.
The wolf closely misses you.
Your base Armour skill increases to level 4!
You shoot an arrow. The arrow closely misses the wolf.
The wolf bites you! Grum closely misses you.
The wight hits you but does no damage.
You shoot an arrow. The arrow closely misses the wolf.
The wolf completely misses you. Grum completely misses you.
The wolf barely misses you.
The wight hits you from afar with a +0 halberd.
You feel drained.
You shoot an arrow. The arrow hits the wolf!!
The wolf is almost dead.
The wolf barely misses you. Grum closely misses you.
The wight hits you from afar with a +0 halberd.
You feel drained. The wolf misses you.
You shoot an arrow. The arrow hits the wolf!
You kill the wolf!
Okawaru accepts your kill. Grum closely misses you.
The wight barely misses you.
You shoot an arrow. The arrow closely misses the wight.
The arrow hits the wight.
The wight is lightly damaged.
Grum hits you from afar with a -1 glaive of freezing!!
Grum freezes you.
You die...

#.. ......# .. ...
.......## #... .##
........## #...........
.........###............
..........#....#......(.
..............##........
.....g%%.....# #........
....zz%@....# #......>.
.#######)...# #.......
##..## #...... #..##
##..... #...# #.^...
##..# ##.....
#..######......
##....##........
#...............


You could see Grum and 2 wights.

Vanquished Creatures
  Prince Ribbit (D:5)
  Grinder (D:5)
  Eustachio (D:4)
  An orc warrior (D:7)
  2 sky beasts (D:7)
  4 ogres
  4 wolves (D:8)
  A centaur (D:7)
  A phantom (D:4)
  3 bullfrogs
  3 scorpions
  2 wights (D:8)
  A howler monkey (D:6)
  2 jellies (D:6)
  6 hounds
  3 orc priests
  Jessica (D:2)
  3 iguanas
  5 orc wizards
  3 sleepcaps
  Robin (D:2)
  4 gnolls (D:4)
  7 adders
  A shadow imp (D:3)
  A white imp (D:5)
  2 worms
  5 dart slugs
  16 orcs
  5 endoplasms
  4 giant cockroaches
  17 goblins
  5 hobgoblins
  9 jackals
  6 quokkas
  9 ball pythons
  8 bats
  2 frilled lizards
  17 kobolds
  8 rats
  A spectral goblin (D:2)
176 creatures vanquished.

Notes
Turn   | Place    | Note
-------+----------+-------------------------------------------
     0 | D:1      | qw the Minotaur Hexslinger began the quest for the Orb.
     0 | D:1      | Reached XP level 1. HP: 16/16 MP: 1/1
     0 | D:1      | 0 ||| qw: Version: 0.3-a-52-g30416fa
     0 | D:1      | 0 ||| qw: Game counter: 5615
     0 | D:1      | 0 ||| qw: Melee chars always use a shield: true
     0 | D:1      | 0 ||| qw: God list: Okawaru
     0 | D:1      | 0 ||| qw: Allow faded altars: false
     0 | D:1      | 0 ||| qw: Do Orc after clearing Dungeon:15 true
     0 | D:1      | 0 ||| qw: Do second Lair branch before Depths: true
     0 | D:1      | 0 ||| qw: Lair rune preference: random
     0 | D:1      | 0 ||| qw: Goals: Normal
     0 | D:1      | 0 ||| PLANNING D:1-11
    98 | D:1      | Reached skill level 3 in Ranged Weapons
    98 | D:1      | Reached XP level 2. HP: 23/23 MP: 2/2
   457 | D:1      | 457 ||| UPGRADING to +0 cloak.
   462 | D:1      | 462 ||| UPGRADING to +0 leather armour.
   472 | D:1      | 472 ||| DROPPING +0 robe.
   473 | D:1      | 473 ||| READING 3 scrolls labelled QES VIEMENOGOB.
   474 | D:1      | 474 ||| READING 2 scrolls of identify.
   474 | D:1      | 474 ||| IDENTIFYING yellow potion
   475 | D:1      | 475 ||| DROPPING scroll of poison.
   476 | D:1      | 476 ||| DROPPING potion of brilliance.
   539 | D:2      | Reached XP level 3. HP: 29/29 MP: 3/3
   554 | D:2      | Found a faded altar of an unknown god.
   555 | D:2      | 555 ||| Stepping ~*~*~tactically~*~*~ (water).
   574 | D:2      | 574 ||| FLEEEEING.
   575 | D:2      | 575 ||| FLEEEEING.
   602 | D:2      | Noticed Robin
   618 | D:2      | HP: 4/29 [Robin/+0 spear (4)]
   619 | D:2      | Reached skill level 4 in Ranged Weapons
   622 | D:2      | Killed Robin
   777 | D:2      | Noticed Jessica
   781 | D:2      | Killed Jessica
   782 | D:2      | Reached XP level 4. HP: 30/36 MP: 4/4
   886 | D:2      | 886 ||| SWAPPING to +0 longbow.
   888 | D:2      | Reached skill level 5 in Ranged Weapons
   888 | D:2      | 888 ||| DROPPING +1 sling.
  1019 | D:2      | Reached skill level 3 in Fighting
  1123 | D:2      | Reached XP level 5. HP: 45/45 MP: 5/5
  1305 | D:2      | 1305 ||| UPGRADING to +0 ring mail.
  1315 | D:2      | 1315 ||| DROPPING +0 leather armour.
  1316 | D:2      | 1316 ||| UPGRADING to +0 pair of gloves.
  1321 | D:2      | 1321 ||| UPGRADING to amulet of faith.
  1326 | D:2      | 1326 ||| READING scroll labelled ICLUOT DISMAZI.
  1327 | D:2      | 1327 ||| READING scroll labelled OTTULOFUMI.
  1428 | D:2      | 1428 ||| READING 2 scrolls of identify.
  1428 | D:2      | 1428 ||| IDENTIFYING fizzy silvery potion
  1526 | D:3      | Reached skill level 1 in Armour
  1661 | D:3      | Found Woham's General Store.
  1670 | D:3      | 1670 ||| BUYING 3 scrolls of identify (66 gold).
  1670 | D:3      | Bought 3 scrolls of identify for 66 gold pieces
  1670 | D:3      | 1670 ||| BUYING scroll of teleportation (33 gold).
  1670 | D:3      | Bought a scroll of teleportation for 33 gold pieces
  1911 | D:3      | Reached skill level 6 in Ranged Weapons
  2156 | D:3      | Reached XP level 6. HP: 51/51 MP: 6/6
  2472 | D:3      | 2472 ||| READING scroll labelled TELISTR HETREUDGH.
  2473 | D:3      | 2473 ||| READING 5 scrolls of identify.
  2473 | D:3      | 2473 ||| IDENTIFYING bubbling red potion
  2474 | D:3      | 2474 ||| READING 4 scrolls of identify.
  2474 | D:3      | 2474 ||| IDENTIFYING black potion
  2475 | D:3      | 2475 ||| READING 3 scrolls of identify.
  2475 | D:3      | 2475 ||| IDENTIFYING murky coppery potion
  2476 | D:3      | 2476 ||| DROPPING potion of magic.
  2593 | D:4      | 2593 ||| FLEEEEING.
  2594 | D:4      | 2594 ||| STAIRDANCE
  2743 | D:4      | Reached skill level 7 in Ranged Weapons
  2832 | D:4      | Reached XP level 7. HP: 59/60 MP: 7/7
  3679 | D:4      | 3679 ||| UPGRADING to +2 pair of boots.
  3684 | D:4      | 3684 ||| DRINKING 2 silvery potions.
  3707 | D:5      | Entered Level 5 of the Dungeon
  3707 | D:5      | Noticed Eustachio
  3713 | D:5      | 3713 ||| STAIRDANCE
  3716 | D:4      | Killed Eustachio
  3717 | D:4      | Reached skill level 8 in Ranged Weapons
  3778 | D:5      | Noticed Grinder
  3789 | D:5      | Killed Grinder
  3790 | D:5      | Reached skill level 6 in Fighting
  3823 | D:5      | Reached XP level 8. HP: 70/70 MP: 8/8
  3866 | D:5      | Found an iron altar of Okawaru.
  3867 | D:5      | 3867 ||| PLANNING OKAWARU WORSHIP
  3867 | D:5      | 3867 ||| READING scroll labelled WIF RAXZUY.
  3877 | D:5      | Became a worshipper of Warmaster Okawaru
  3878 | D:5      | 3878 ||| PLANNING D:1-11
  3991 | D:5      | Reached skill level 9 in Ranged Weapons
  4033 | D:5      | Reached skill level 3 in Armour
  4090 | D:5      | Reached skill level 3 in Dodging
  4344 | D:5      | Found a staircase to the Ecumenical Temple.
  4575 | D:5      | Noticed Prince Ribbit
  4587 | D:5      | Killed Prince Ribbit
  4587 | D:5      | Reached * piety under Okawaru
  4588 | D:5      | Reached skill level 10 in Ranged Weapons
  4597 | D:5      | 4597 ||| READING scroll labelled YTERASA CESIT.
  4598 | D:5      | 4598 ||| DRINKING 2 bubbling sapphire potions.
  4668 | D:6      | Reached skill level 1 in Invocations
  4772 | D:6      | 4772 ||| INVOKING Heroism.
  4886 | D:6      | Found a white marble altar of Elyvilon.
  5050 | D:6      | 5050 ||| INVOKING Heroism.
  5072 | D:6      | 5072 ||| INVOKING Heroism.
  5303 | D:6      | 5303 ||| UPGRADING to +5 ring of evasion.
  5304 | D:6      | 5304 ||| READING scroll labelled ASMEIL HOLIUNA.
  5360 | D:7      | 5360 ||| INVOKING Heroism.
  5364 | D:7      | Reached XP level 9. HP: 79/79 MP: 6/9
  5400 | D:7      | 5400 ||| INVOKING Heroism.
  5416 | D:7      | Reached skill level 3 in Invocations
  5418 | D:7      | 5418 ||| INVOKING Heroism.
  5673 | D:7      | 5673 ||| INVOKING Heroism.
  5964 | D:7      | 5964 ||| READING scroll of enchant armour.
  5964 | D:7      | 5964 ||| ENCHANTING +0 pair of gloves.
  6070 | D:7      | 6070 ||| READING 5 scrolls of identify.
  6070 | D:7      | 6070 ||| IDENTIFYING smoky pink potion
  6071 | D:7      | 6071 ||| DROPPING potion of invisibility.
  6118 | D:8      | Found Bulic's Book Emporium.
  6170 | D:8      | Noticed Grum
  6171 | D:8      | 6171 ||| INVOKING Heroism.
  6176 | D:8      | Reached skill level 11 in Ranged Weapons
  6184 | D:8      | HP: 4/77 [Grum/-1 glaive of freezing (19)]
  6184 | D:8      | Slain by Grum

Levels and vault maps discovered:
D:1:      eino_arrival_water_cross, layout_basic
D:2:      layout_basic, dreamdust_ecumenical_altar_drowned_temple,
          minmay_pentomino_pile, uniq_jessica, uniq_robin
D:3:      minmay_evil_eye, layout_loops_corners, serial_shops,
          nicolae_lakefront_shop
D:4:      layout_layer_cave, kennysheep_cross_room
D:5:      layout_cave_pods, mainiacjoe_overflow_boulevard,
          minmay_temple_entry_large_hall, uniq_grinder, uniq_eustachio,
          uniq_prince_ribbit1
D:6:      nicolae_BIG_FREAKIN_CUBE, layout_cave_pools, elyvilon_altar_4,
          grunt_ministairs_2, dk_noncrumbling_3, chequers_serial_rivers_micro_d,
          hangedman_decor_riveting, st_stairs_7, chequers_serial_rivers_large_a
D:7:      layout_basic, hangedman_decor_slide_cut
D:8:      layout_layer_cave, chequers_temple_overflow_minitemple,
          minmay_lair_entry_grove, serial_shops, shop, minivault_4, uniq_grum

Skill      XL: |  1  2  3  4  5  6  7  8  9 |
---------------+----------------------------+-----
Ranged Weapons | 3 4 5 6 7 8 10 11 | 11.2
Fighting       | 2 3 4 6 7 |  7.0
Armour         | 1 2 3 4 |  4.4
Dodging        | 3 4 |  4.0
Invocations    | 2 4 |  4.0
Spellcasting   | |  1.0
Hexes          | |  2.0

Action                     |  1- 3 |  4- 6 |  7- 9 || total
---------------------------+-------+-------+-------++-------
   Fire: Sling             |   128 |    16 |       ||   144
         Longbow           |       |   173 |   250 ||   423
 Invoke: Heroism           |       |       |     8 ||     8
    Use: Scroll            |     2 |     7 |     5 ||    14
         Potion            |       |       |     2 ||     2
 Armour: Robe              |     1 |       |       ||     1
         Leather armour    |    10 |    15 |       ||    25
         Ring mail         |       |    32 |    45 ||    77
  Dodge: Dodged            |    36 |    59 |    99 ||   194

Table legend:
 A = Non-vault XP
 B = Vault XP
 C = Vault XP percentage of total XP
 D = Non-vault monster count
 E = Vault monster count
 F = Vault count percentage of total count
                 A         B        C        D         E       F
            +---------+---------+-------+---------+---------+-------
      Total |    2949 |    1411 |  32.4 |     145 |      31 |  17.6
            +---------+---------+-------+---------+---------+-------
        D:1 |      38 |       0 |   0.0 |      23 |       0 |   0.0
        D:2 |      84 |      79 |  48.5 |      28 |      16 |  36.4
        D:3 |     166 |      17 |   9.3 |      27 |       5 |  15.6
        D:4 |     552 |     203 |  26.9 |      24 |       1 |   4.0
        D:5 |     654 |     553 |  45.8 |      20 |       2 |   9.1
        D:6 |     301 |      93 |  23.6 |       9 |       3 |  25.0
        D:7 |    1006 |       0 |   0.0 |      12 |       0 |   0.0
        D:8 |     148 |     466 |  75.9 |       2 |       4 |  66.7
            +---------+---------+-------+---------+---------+-------
